 Dungeon Crawl Stone Soup version 0.32-a0-711-g016ad743e0 (webtiles) character file.

Game seed: 12605214759138536938

323 smashvw the Caller (level 6, -6/30 HPs)
             Began as a Felid Summoner on Mar 15, 2024.
             Killed by an exploding blazeheart core (34 damage)
             ... on level 4 of the Dungeon on Mar 16, 2024.
             The game lasted 00:17:13 (2946 turns).

smashvw the Caller (Felid Summoner)                 Turns: 2946, Time: 00:17:14

Health: -6/30      AC:  2    Str:  4    XL:     6   Next: 23%
Magic:  3/13       EV: 17    Int: 21    God:
Gold:   246        SH:  0    Dex: 16    Spells: 1/13 levels left
                                        Lives:  0   Deaths: 2

rFire   . . .        (weapon unavailable)
rCold   . . .        (shield unavailable)
rNeg    . . .        (body armour unavailable)
rPois   .            (helmet unavailable)
rElec   .            (cloak unavailable)
rCorr   .            (gloves unavailable)
SInv    +            (boots unavailable)
Will    .....        (no amulet)
Stlth   ++           (no ring)
HPRegen 0.25/turn    (no ring)
MPRegen 0.13/turn

%: no passive effects
@: unable to call your familiar
A: very small, claws 1, fangs 3, see invisible, shaggy fur 2, stealthy paws, no
weapons or thrown items, no armour, multi-lived
a: no special abilities


You were on level 4 of the Dungeon.
You visited 1 branch of the dungeon, and saw 4 of its levels.

You collected 246 gold pieces.

Inventory:

Armour
 i - a scarf of shadows
Jewellery
 d - an amulet of guardian spirit
Scrolls
 e - a scroll of torment {unknown}
 g - a scroll of blinking {unknown}
 j - 3 scrolls of revelation {unknown}
 k - a scroll of fog {unknown}
 l - 2 scrolls of identify {unknown}
 n - a scroll of poison {unknown}
Potions
 a - a potion of magic
 b - 3 potions of brilliance {unknown}
 c - a potion of berserk rage {unknown}
 f - 2 potions of mutation {unknown}
 h - a potion of enlightenment {unknown}
 m - a potion of lignification {unknown}
 o - a potion of curing {unknown}
 p - a potion of degeneration {unknown}


   Skills:
 + Level 1.2 Fighting
 + Level 3.3 Dodging
 + Level 3.5 Stealth
 + Level 4.0 Spellcasting
 + Level 5.5 Summonings
 + Level 1.0 Fire Magic
 + Level 0.2 Air Magic


You had one spell level left.
You knew the following spells:

 Your Spells              Type           Power      Damage    Failure   Level
a - Summon Small Mammal   Summ           100%       N/A       1%          1
b - Call Canine Familiar  Summ           27%        N/A       3%          3
c - Summon Blazeheart Go  Fire/Summ      18%        N/A       30%         4
d - Summon Lightning Spi  Summ/Air       16%        N/A       34%         4

Your spell library contained the following spells:

 Spells                   Type           Power      Damage    Failure   Level
 Slow                     Hex            16%        N/A       12%         1
 Call Imp                 Summ           54%        N/A       1%          2
 Confusing Touch          Hex            4%         N/A       34%         3
 Vampiric Draining        Necr           4%         2d6       34%         3


Dungeon Overview and Level Annotations

Branches:
Dungeon (4/15)
 Temple: D:4-7

Altars:
Dithmenos


Innate Abilities, Weirdness & Mutations

You have sharp claws.
You have razor-sharp teeth.
You have supernaturally acute eyesight. (SInv)
You are covered in thick fur. (AC +2)
Your paws help you pounce on unaware monsters.
You are incapable of wielding weapons or throwing items.
You cannot wear armour.
You gain extra lives every three experience levels.


Message History

Your quokka bites the gnoll bouda but does no damage.
The gnoll hits your quokka with a +0 club.
The gnoll bouda hits your blazeheart golem but does no damage.
Your quokka bites the gnoll.
Your attacks no longer feel as feeble.
The gnoll is no longer moving quickly.
The gnoll hits your quokka with a +0 club.
Your quokka dies!
Your quokka's corpse disappears in a puff of smoke!
The orc hits you with a +0 short sword.
The gnoll bouda gazes fiercely through you!
You feel your attacks grow feeble.
The gnoll bouda hits your blazeheart golem but does no damage.
Your blazeheart golem punches the gnoll bouda.
An orc wizard comes into view. It is wielding a +0 dagger.
The gnoll bouda hits your blazeheart golem but does no damage.
The orc barely misses you.
You scratch the orc but do no damage.
The gnoll hits your blazeheart golem with a +0 club!
An orc comes into view. It is wielding a +0 club.
The gnoll bouda hits your blazeheart golem with a +0 club.
Your blazeheart golem punches the gnoll bouda!!
The gnoll bouda dies!
Your Spellcasting skill increases to level 4!
Your Fire Magic skill increases to level 1!
You scratch the orc but do no damage.
The gnoll hits your blazeheart golem but does no damage.
The orc misses you.
Your attacks no longer feel as feeble.
The gnoll hits your blazeheart golem but does no damage.
The gnoll hits your blazeheart golem with a +0 club.
The orc hits you but does no damage.
Your blazeheart golem punches the gnoll!!
The gnoll dies!
Your blazeheart golem falls apart, revealing its core!
Your bat hits the orc. The hound barely misses your quokka.
Your blazeheart core explodes!
The fiery explosion engulfs you!!
Ouch! That really hurt!
You die...

#####..# ..#
#<.....# ##
#.####.# ..###
##.# .o. ##..#
#.###..##
##.o...##
#####..#†#########
......b.o@☼ghggg..
)#..#######r######
#. .# # .. #.# ..
###


You could see a hound, an orc wizard, 4 gnolls, 2 orcs, a friendly quokka
(summoned) and a friendly bat (summoned).

Vanquished Creatures
  An orc (D:3)
  A ball python (D:2)
  3 hobgoblins
  4 bats
9 creatures vanquished.

Vanquished Creatures (collateral kills)
  An ogre (D:4)
  A jelly (D:3)
  An orc priest (D:3)
  A gnoll bouda (D:4)
  An orc wizard (D:3)
  2 gnolls (D:4)
  2 adders (D:3)
  A white imp (D:3)
  A ribbon worm (D:2)
  4 dart slugs
  4 orcs (D:3)
  2 bats
  7 endoplasms
  A giant cockroach (D:3)
  4 hobgoblins
  A jackal (D:4)
  5 quokkas
  5 ball pythons
  4 frilled lizards
  4 goblins
  2 kobolds
  5 rats
59 creatures vanquished.

Vanquished Creatures (others)
  2 blazeheart cores (D:4)
2 creatures vanquished.

Grand Total: 70 creatures vanquished

Notes
Turn   | Place    | Note
-------+----------+-------------------------------------------
     0 | D:1      | smashvw the Felid Summoner began the quest for the Orb.
     0 | D:1      | Reached XP level 1. HP: 9/9 MP: 4/4
   119 | D:1      | Reached XP level 2. HP: 13/13 MP: 4/6
   951 | D:2      | Reached XP level 3. HP: 16/16 MP: 5/8
  1050 | D:2      | Learned a level 3 spell: Call Canine Familiar
  1791 | D:3      | Killed from afar by an orc priest
  1791 | D:3      | Lost a life (0 lives remaining)
  1817 | D:3      | Found a shadowy altar of Dithmenos.
  1851 | D:3      | Reached skill level 5 in Summonings
  1851 | D:3      | Reached XP level 4. HP: 11/21 MP: 5/10
  1851 | D:3      | Gained a life (1 life remaining)
  2092 | D:3      | Reached XP level 5. HP: 24/24 MP: 7/11
  2098 | D:3      | Learned a level 4 spell: Summon Blazeheart Golem
  2169 | D:3      | Killed from afar by an orc wizard
  2169 | D:3      | Lost a life (0 lives remaining)
  2330 | D:3      | Found a faded altar of an unknown god.
  2737 | D:4      | Noticed an ogre
  2811 | D:4      | Killed an ogre
  2812 | D:4      | Reached skill level 1 in Fighting
  2812 | D:4      | Gained mutation: You are covered in thick fur. (AC +2)
                  | [Felid growth]
  2812 | D:4      | Reached XP level 6. HP: 15/30 MP: 3/12
  2912 | D:4      | Learned a level 4 spell: Summon Lightning Spire
  2944 | D:4      | Reached skill level 1 in Fire Magic
  2946 | D:4      | Killed by an exploding blazeheart core

Illustrated notes

Levels and vault maps discovered:
D:1:      enne_arrival_octagon_isle, layout_loops_ring, minmay_misc_feat_tower,
          chequers_serial_rivers_small_a
D:2:      minmay_wonky_spiral, layout_basic
D:3:      layout_loops_ring, grunt_dithmenos_smoke,
          shapermc_ecumenical_altar_mp_vishouse
D:4:      layout_rooms, lemuel_crystal_altar, nzn_hepliaklqana_mist_gate,
          nicolae_overflow_hidden_temple, minmay_temple_entry_poolview

Skill      XL: |  1  2  3  4  5  6 |
---------------+-------------------+-----
Spellcasting   | 3 4 |  4.0
Summonings     | 5 |  5.5
Fighting       | 1 |  1.2
Dodging        | 3 |  3.3
Stealth        | 3 |  3.5
Fire Magic     | 1 |  1.0
Air Magic      | |  0.2

Action                     |  1- 3 |  4- 6 || total
---------------------------+-------+-------++-------
  Melee: Unarmed           |    26 |    10 ||    36
         Bite              |     3 |     4 ||     7
         Punch             |       |     1 ||     1
   Cast: Summon Small Mamm |    36 |    16 ||    52
         Call Canine Famil |     8 |    11 ||    19
         Summon Blazeheart |       |     2 ||     2
   Stab: Sleeping          |     5 |       ||     5
 Armour: Skin              |     7 |    14 ||    21
  Dodge: Dodged            |    21 |    16 ||    37

Table legend: (Time is in decaauts)
 A = Elapsed time spent in this place.
 B = Non-inter-level travel time spent in this place.
 C = Inter-level travel time spent in this place.
 D = Time resting spent in this place.
 E = Time spent auto-exploring this place.
 F = Levels seen in this place.
 G = Mean time per level.
                   A        B        C        D        E       F      G
               +--------+--------+--------+--------+--------+-----+--------+
         Total |   2947 |   2831 |    116 |     85 |   2122 |   4 |  736.8 |
       Dungeon |   2947 |   2831 |    116 |     85 |   2122 |   4 |  736.8 |
               +--------+--------+--------+--------+--------+-----+--------+

Top non-repeatable levels by time:
     D:3: 1273 daAuts
     D:1: 931 daAuts
     D:2: 682 daAuts
     D:4: 59 daAuts
